 Dungeon Crawl Stone Soup version 0.17-a0-1951-g62301d3 (webtiles) character file.

4780 Ordine the Cruncher (level 10, 0/74 HPs)
             Began as a Minotaur Gladiator on Oct 3, 2015.
             Was a Follower of Okawaru.
             Succumbed to Erica's bolt of poison
             ... on level 8 of the Dungeon.
             The game lasted 00:23:11 (6966 turns).

Ordine the Cruncher (Minotaur Gladiator)            Turns: 6966, Time: 00:23:15

Health: 0/74       AC: 18    Str: 20    XL:     10   Next: 23%
Magic:  9/9        EV: 11    Int:  5    God:    Okawaru [*.....]
Gold:   395        SH:  0    Dex: 14    Spells: 0 memorised, 9 levels left

rFire  . . .     SeeInvis .     A - +0 quarterstaff (crush)
rCold  . . .     Clarity  .     q - +1 chain mail
rNeg   . . .     SustAt   .     (no shield)
rPois  .         Gourm    .     c - +0 hat
rElec  .         Spirit   .     i - +0 cloak
rCorr  .         Warding  .     (no gloves)
rMut   .         Stasis   .     b - +0 pair of boots
MR     .....                    (no amulet)
Stlth  ..........               (no ring)
                                (no ring)

@: lethally poisoned (0 -> -1), not resistant to hostile enchantments, extremely
unstealthy
A: retaliatory headbutt, horns 2, talons 1, iridescent scales 1, mutation
resistance 1
a: Heroism, Renounce Religion


You were on level 8 of the Dungeon.
You worshipped Okawaru.
Okawaru was aware of your devotion.
You were near starving.

You visited 2 branches of the dungeon, and saw 9 of its levels.
You also visited: Ossuary.

You collected 395 gold pieces.

Inventory:

Hand weapons
 A - a +0 quarterstaff of crushing (weapon)
Missiles
 d - 2 throwing nets (quivered)
Armour
 b - a +0 pair of boots (worn)
 c - a +0 hat (worn)
 i - a +0 cloak (worn)
 q - a +1 chain mail (worn)
Magical devices
 u - a wand of polymorph (4)
 z - a wand of disintegration (14)
Scrolls
 g - a scroll of enchant armour
 j - 2 scrolls of fear
 m - 3 scrolls of remove curse
 t - 2 scrolls of fog
 x - 2 scrolls of teleportation
Potions
 f - a potion of ambrosia {unknown}
 p - 4 potions of might
 s - 2 potions of haste
 w - a potion of resistance
Comestibles
 e - 5 bread rations
 h - 4 meat rations
 k - 2 beef jerkies
 n - 2 royal jellies


   Skills:
 - Level 2.4 Fighting
 - Level 14.0 Staves
 - Level 2.0 Throwing
 + Level 7.5 Armour
 + Level 7.9 Dodging


You had 9 spell levels left.
You didn't know any spells.

Dungeon Overview and Level Annotations

Branches:
Dungeon (8/15)             Temple (1/1) D:7
   Lair: D:8-11

Altars:
Ashenzari
Cheibriados
Dithmenos
Elyvilon
Gozag
Kikubaaqudgha
Makhleb
Nemelex Xobeh
Okawaru
Qazlal
Ru
Trog
Vehumet
Xom
Yredelemnul
Zin
The Shining One


Innate Abilities, Weirdness & Mutations

You reflexively headbutt those who attack you in melee.
You have a pair of horns on your head.
You have sharp toenails.
You are partially covered in iridescent scales (AC +4).
You are somewhat resistant to further mutation.


Message History

* * * LOW HITPOINT WARNING * * *
Drink which item? (? for menu, Esc to quit)
Okay, then.
Drink which item? (? for menu, Esc to quit)
Your magical effects are unravelling.
Your magical contamination has completely faded away.
You feel magically purged.
You feel less confused.
You feel yourself speed up.
Erica appears from thin air!
Reactivating autopickup.
Erica hits you but does no damage.
You closely miss Erica.
Erica is almost dead.
You hit Erica.
You kill Erica!
Okawaru is honoured by your kill.
You can now gain great but temporary skills.
Your Armour skill increases to level 7!
Your life force feels restored.
You die...

#.#'######......#
#.#.# #......#
#.#.######....(.#
#.#.........#....
#.#########.###.#
#.# #.#.... ...
#.##..# #..
#.##..#########
#.##.@.........
#.##.).........
##+#.##)$.........
#.................
#....####.........
#....# #.........
#....# #.........
#....# #.........
##+### ##########


There were no monsters in sight!

Vanquished Creatures
  Erica (D:8)
  Pikel (D:7)
  Joseph (D:7)
  The ghost of Xavier the Magician, an experienced DEWz of Vehumet (Ossuary)
  Prince Ribbit (D:5)
  Eustachio (D:6)
  3 ice beasts
  3 ogres
  4 centaurs
  Blork the orc (D:6)
  4 giant frogs
  7 elf zombies (Ossuary)
  2 big kobolds (D:7)
  2 scorpions
  4 wights (D:7)
  5 centaur zombies
  2 hounds
  A giant frog zombie (D:6)
  2 jellies
  A centaur skeleton (D:6)
  A human zombie (Ossuary)
  2 orc priests
  An iguana (D:6)
  Terence (D:3)
  2 worker ants
  5 orc wizards
  2 worker ant zombies (D:5)
  3 mummies (Ossuary)
  3 gnolls (D:2)
  10 adders
  2 shadow imps
  3 oozes (D:2)
  An adder skeleton (D:5)
  2 adder zombies (D:6)
  5 worms
  6 giant geckos
  12 orcs
  7 bats
  4 giant cockroaches
  8 hobgoblins
  6 jackals (D:5)
  6 kobolds
  3 quokkas
  A giant gecko skeleton (D:7)
  7 giant newts
  5 goblins
  A jackal skeleton (D:5)
  6 rats
162 creatures vanquished.

Vanquished Creatures (others)
  3 slaves (D:7)
  A scorpion (D:7)
  A wight (D:7)
  3 kobolds (D:7)
8 creatures vanquished.

Grand Total: 170 creatures vanquished

Notes
Turn   | Place    | Note
--------------------------------------------------------------
     0 | D:1      | Ordine the Minotaur Gladiator began the quest for the Orb.
     0 | D:1      | Reached XP level 1. HP: 18/18 MP: 0/0
   142 | D:1      | Reached skill level 4 in Staves
   187 | D:1      | Reached XP level 2. HP: 20/25 MP: 1/1
   733 | D:2      | Reached skill level 5 in Staves
   735 | D:2      | Reached XP level 3. HP: 22/30 MP: 2/2
  1023 | D:2      | Found a bloodstained altar of Trog.
  1060 | D:2      | Found a basalt altar of Yredelemnul.
  1208 | D:2      | Reached XP level 4. HP: 18/37 MP: 3/3
  1216 | D:2      | Reached skill level 6 in Staves
  1959 | D:3      | Reached skill level 7 in Staves
  1959 | D:3      | Reached XP level 5. HP: 40/42 MP: 4/4
  2154 | D:3      | Noticed Terence
  2160 | D:3      | Killed Terence
  2260 | D:3      | Found a glowing silver altar of Zin.
  2386 | D:3      | Found a sparkling altar of Nemelex Xobeh.
  2866 | D:4      | Reached skill level 8 in Staves
  2989 | D:4      | Reached XP level 6. HP: 47/50 MP: 5/5
  3325 | D:5      | Entered Level 5 of the Dungeon
  3347 | D:5      | Noticed Prince Ribbit
  3608 | D:5      | Reached skill level 9 in Staves
  3823 | D:5      | Reached XP level 7. HP: 43/56 MP: 6/6
  3892 | D:5      | Found a sand-covered staircase.
  3925 | D:5      | Killed Prince Ribbit
  3925 | D:5      | Reached skill level 10 in Staves
  4015 | Ossuary  | Entered an ossuary
  4015 | Ossuary  | Noticed Xavier's ghost (experienced DEWz)
  4039 | Ossuary  | Killed Xavier's ghost
  4039 | Ossuary  | Reached skill level 11 in Staves
  4093 | Ossuary  | Reached XP level 8. HP: 27/62 MP: 7/7
  4389 | Ossuary  | Reached skill level 12 in Staves
  4473 | Ossuary  | Reached skill level 13 in Staves
  4542 | D:5      | Found a sparkling altar of Nemelex Xobeh.
  4542 | D:5      | Found a snail-covered altar of Cheibriados.
  4543 | D:5      | Found a stormy altar of Qazlal.
  4825 | D:5      | Found a shadowy altar of Dithmenos.
  4995 | D:5      | Gained mutation: You are frail (-10% HP). [potion of mutation]
  4995 | D:5      | Lost mutation: You are frail (-10% HP). [potion of mutation]
  4995 | D:5      | Gained mutation: You have sharp toenails. [potion of mutation]
  4996 | D:5      | Gained mutation: You are somewhat resistant to further mutation. [potion of mutation]
  4996 | D:5      | Gained mutation: You are partially covered in iridescent scales (AC +4). [potion of mutation]
  5186 | D:6      | Reached XP level 9. HP: 68/68 MP: 8/8
  5276 | D:6      | Noticed Blork the orc
  5283 | D:6      | Killed Blork the orc
  5285 | D:6      | Reached skill level 14 in Staves
  5340 | D:6      | Found a glowing golden altar of the Shining One.
  5358 | D:6      | Reached skill level 1 in Armour
  5365 | D:6      | Noticed Eustachio
  5373 | D:6      | Killed Eustachio
  5820 | D:6      | Reached skill level 5 in Dodging
  5999 | D:7      | Noticed Pikel
  6012 | D:7      | Killed Pikel
  6012 | D:7      | Reached skill level 5 in Armour
  6017 | D:7      | Found a sacrificial altar of Ru.
  6367 | D:7      | Noticed Joseph
  6377 | D:7      | Killed Joseph
  6377 | D:7      | Reached XP level 10. HP: 57/74 MP: 9/9
  6485 | D:7      | Found a staircase to the Ecumenical Temple.
  6500 | Temple   | Entered the Ecumenical Temple
  6531 | Temple   | Became a worshipper of Warmaster Okawaru
  6908 | D:8      | Noticed Erica
  6963 | D:8      | HP: 3/74 [something (3)]
  6963 | D:8      | HP: 1/74 [something (2)]
  6966 | D:8      | Killed Erica
  6966 | D:8      | Acquired Okawaru's first power
  6966 | D:8      | Succumbed to Erica's bolt of poison

Vault maps used:
D:1:      evilmike_arrival_hilbert_curve, wad_floor_pattern_untrapped,
          minmay_stone_trees_small, minivault_14
D:2:      lemuel_coloured_pillars_altar, bloody_trog, guppyfry_early_orc_mine
D:3:      lemuel_doored_altar, moated_statue, nemelex_lonely_heart_becter,
          uniq_terence
D:4:      first_bread, grunt_decor_fettered
D:5:      nicolae_dithmenos_through_a_glass_darkly,
          gammafunk_temple_overflow_claw, enter_ossuary_1, uniq_prince_ribbit1
D:6:      kennysheep_little_box, uniq_eustachio, uniq_blork_the_orc
D:7:      kennysheep_mini, temple_fountains, hangedman_decor_peaks_small,
          uniq_joseph, uniq_pikel
D:8:      led_sif_pool, tgw_fedhas, hangedman_pestilent_swarm, uniq_erica
Temple:   minmay_temple_bridge_a_8
Ossuary:  ossuary_minmay_four_chambers

Action                   |  1- 3 |  4- 6 |  7- 9 | 10-12 || total
-------------------------+-------+-------+-------+-------++-------
Melee: Quarterstaff      |    44 |   166 |   347 |    69 ||   626
       Unarmed           |       |       |     9 |       ||     9
Throw: Throwing net      |       |       |     1 |       ||     1
  Use: Scroll            |     6 |     2 |     6 |     2 ||    16
       Potion            |       |     4 |     5 |     3 ||    12
 Stab: Confused          |       |       |     1 |       ||     1
  Eat: Chunk             |     1 |     7 |     6 |       ||    14
       Pizza             |       |     1 |       |       ||     1
       Beef jerky        |       |       |     2 |       ||     2
